 Dungeon Crawl Stone Soup version 0.26.0-90-g5fd8617961 (webtiles) character file.

Game seed: 1097322795093310045

308 Marvel the Magician (level 6, -1/33 HPs)
             Began as a Deep Elf Earth Elementalist on Feb 2, 2021.
             Slain by Pikel
             ... wielding a +0 whip of freezing
              (3 damage)
             ... on level 3 of the Dungeon.
             The game lasted 00:18:13 (5086 turns).

Marvel the Magician (Deep Elf Earth Elementalist)   Turns: 5086, Time: 00:18:14

Health: -1/33      AC:  4    Str:  5    XL:     6   Next: 16%
Magic:  15/15      EV: 12    Int: 22    God:
Gold:   174        SH:  3    Dex: 15    Spells: 10/15 levels left

rFire    . . .     SeeInvis .   q - +2 dagger (vamp)
rCold    . . .     Faith    .   p - +0 buckler
rNeg     . . .     Spirit   .   c - +0 robe
rPois    .         Reflect  .   (no helmet)
rElec    .         Harm     .   o - +0 cloak
rCorr    .         Rampage  .   (no gloves)
Will     .....                  d - +0 pair of boots
Stlth    ++........             (no amulet)
HPRegen  0.11/turn              (no ring)
MPRegen  0.14/turn              (no ring)

@: no status effects
A: no striking features
a: no special abilities


You were on level 3 of the Dungeon.
You visited 1 branch of the dungeon, and saw 4 of its levels.

You collected 174 gold pieces.

Inventory:

Hand Weapons
 i - a +2 antimagic morningstar
 q - a +2 vampiric dagger (weapon)
Missiles
 b - 6 stones
 j - 9 poisoned darts (quivered)
 k - 3 boomerangs
Armour
 c - a +0 robe (worn)
 d - a +0 pair of boots (worn)
 o - a +0 cloak (worn)
 p - a +0 buckler (worn)
Wands
 s - a wand of random effects (12)
Scrolls
 a - 7 scrolls of identify
 f - 3 scrolls of remove curse
 n - 2 scrolls of teleportation
Potions
 e - a potion of curing
 h - 2 potions of haste
 m - a potion of flight


   Skills:
 - Level 0.6 Fighting
 - Level 1.5 Short Blades
 - Level 2.5 Throwing
 - Level 3.0 Dodging
 - Level 3.0 Stealth
 + Level 5.2 Spellcasting
 - Level 1.1 Transmutations
 + Level 4.8 Earth Magic


You had 10 spell levels left.
You knew the following spells:

 Your Spells              Type           Power        Failure   Level
b - Passwall              Tmut/Erth      15%          8%          2
c - Stone Arrow           Conj/Erth      32%          19%         3

Your spell library contained the following spells:

 Spells                   Type           Power        Failure   Level
 Sandblast                Erth           54%          2%          1
 Petrify                  Tmut/Erth      18%          43%         4
 Lee's Rapid Deconstruct  Erth           13%          52%         5


Dungeon Overview and Level Annotations

Branches:
Dungeon (4/15)
 Temple: D:4-7

Altars:
Ashenzari
Wu Jian

Annotations:
D:3 Pikel
D:4 Natasha


Message History

The worker ant barely misses you.
You hit the worker ant but do no damage.
The worker ant is moderately wounded.
The worker ant closely misses you.
You feel sick. The worker ant bites you.
You feel sick. The worker ant closely misses you.
You feel sick.
You feel sick.
You are no longer poisoned.
There is a stone staircase leading up here.
The worker ant barely misses you. The worker ant bites you.
* * * LOW HITPOINT WARNING * * *
You climb upwards.
Level annotation: Pikel Pikel hits you with a +0 whip of freezing.
* * * LOW HITPOINT WARNING * * *
Pikel freezes you.
You die...

####### ###............##
......# ##........)......#
......# ##..........<.)...#
......# #.................#
......# #........>........#
......# #.................#
......### ##...............##
........#####...BK.........##
......#.........@....#######
......#####....(...#.#
......#............#.#
###.....###........#.#
#...######..........#
#..#####...###.#..#######
##.#........##.....#.....#
...#.............#.#.<...#
.#.#........#.#.##.......#


You could see Pikel and a worker ant.

Vanquished Creatures
  A lemure (D:4)
  A scorpion (D:4)
  A centaur zombie (D:3)
  An orc priest (D:4)
  A centaur skeleton (D:4)
  A worker ant (D:4)
  A gnoll (D:2)
  4 adders
  An ooze (D:2)
  An adder skeleton (D:4)
  4 worms
  A leopard gecko (D:4)
  10 orcs
  A giant cockroach (D:1)
  4 goblins
  7 hobgoblins
  4 jackals
  A quokka (D:4)
  A ball python (D:1)
  9 bats
  3 frilled lizards
  8 kobolds
  9 rats
75 creatures vanquished.

Notes
Turn   | Place    | Note
-------+----------+-------------------------------------------
     0 | D:1      | Marvel the Deep Elf Earth Elementalist began the quest for
                  | the Orb.
     0 | D:1      | Reached XP level 1. HP: 10/10 MP: 6/6
   484 | D:1      | Reached XP level 2. HP: 15/15 MP: 6/8
  1316 | D:2      | Reached XP level 3. HP: 19/19 MP: 8/10
  1436 | D:2      | Found a broken altar of Ashenzari.
  1739 | D:2      | Reached skill level 4 in Spellcasting
  1740 | D:2      | Reached XP level 4. HP: 21/24 MP: 6/12
  1743 | D:2      | Learned a level 2 spell: Passwall
  1865 | D:2      | Found an ornate altar of the Wu Jian Council.
  2713 | D:3      | Reached skill level 1 in Throwing
  3007 | D:3      | Reached XP level 5. HP: 28/28 MP: 14/14
  3177 | D:4      | Found an ornate altar of the Wu Jian Council.
  3421 | D:4      | Reached skill level 5 in Spellcasting
  3494 | D:4      | Noticed a lemure
  3530 | D:4      | Reached skill level 1 in Short Blades
  3687 | D:4      | Noticed Pikel
  3697 | D:4      | Noticed a lemure
  3748 | D:3      | Learned a level 3 spell: Stone Arrow
  3766 | D:4      | Reached XP level 6. HP: 22/33 MP: 11/15
  4212 | D:4      | Noticed Natasha
  4414 | D:4      | HP: 1/33 [worker ant (2)]
  5086 | D:3      | Slain by Pikel

Illustrated notes

Levels and vault maps discovered:
D:1:      dpeg_arrival_renting, layout_loops_corners
D:2:      minmay_general_purpose_star, layout_rooms, old_standard_altar,
          lemuel_statue_altar
D:3:      layout_rooms, kennysheep_generic_room_4
D:4:      layout_basic, old_standard_altar, minmay_temple_entry_nine_rooms,
          uniq_pikel, uniq_natasha

Skill      XL: |  1  2  3  4  5  6 |
---------------+-------------------+-----
Earth Magic    | 4 |  4.8
Stealth        | 3 |  3.0
Spellcasting   | 4 5 |  5.2
Throwing       | 1 2 |  2.5
Short Blades   | 1 |  1.5
Dodging        | 3 |  3.0
Fighting       | |  0.6
Transmutations | |  1.1

Action                   |  1- 3 |  4- 6 || total
-------------------------+-------+-------++-------
Melee: Unarmed           |     2 |     3 ||     5
       Dagger            |       |   102 ||   102
Throw: Dart              |    23 |    61 ||    84
       Stone             |       |     8 ||     8
 Cast: Sandblast         |    54 |    31 ||    85
       Passwall          |       |     5 ||     5
Evoke: Wand              |       |     8 ||     8
  Use: Scroll            |       |    11 ||    11
       Potion            |       |     5 ||     5
 Stab: Sleeping          |       |     6 ||     6
Armor: Robe              |     1 |    14 ||    15
Dodge: Dodged            |     8 |    59 ||    67
Block: Buckler           |       |    15 ||    15
